[ AOE2 MATCH · #470878466 ]
UnrankedHuns vs Britons
[ REPLAY ANALYSIS · EXTRACTED FROM THE RECORDED GAME ]
Feudal
10:08
Castle
19:34
Imperial
43:40
| APM avg | 14.9 |
| APM peak | 38 |
| eAPM avg | 11.2 |
| Villagers / military | 84 / 198 |
Focus
⚔️ 46.3% · 🌾 53.7%
Spearman ×105 · Tarkan ×78 · Knight ×8 · Trade Cart ×6 · Trebuchet (Packed) ×6 · Monk ×1
Feudal
10:11
Castle
13:36
Imperial
27:42
| APM avg | 25.5 |
| APM peak | 77 |
| eAPM avg | 17.7 |
| Villagers / military | 149 / 186 |
Focus
⚔️ 36.6% · 🌾 63.4%
Battle Elephant ×129 · Ballista Elephant ×53 · Trebuchet (Packed) ×4
Feudal
11:38
Castle
24:11
Imperial
43:27
| APM avg | 17.1 |
| APM peak | 50 |
| eAPM avg | 10.3 |
| Villagers / military | 111 / 150 |
Focus
⚔️ 39.7% · 🌾 60.3%
Coustillier ×69 · Flemish Militia ×48 · Trade Cart ×28 · Knight ×21 · Archer ×7 · Trebuchet (Packed) ×4
Feudal
—
Castle
—
Imperial
—
| APM avg | 10.5 |
| APM peak | 35 |
| eAPM avg | 8.6 |
| Villagers / military | 94 / 118 |
Focus
⚔️ 32.2% · 🌾 67.8%
Janissary ×118
Feudal
—
Castle
—
Imperial
—
| APM avg | 333.4 |
| APM peak | 4309 |
| eAPM avg | 333.4 |
| Villagers / military | 0 / 80 |
Focus
⚔️ 73.8% · 🌾 26.2%
Militia ×49 · Spearman ×14 · Skirmisher ×8 · Battering Ram ×7 · Monk ×2
Feudal
—
Castle
—
Imperial
—
| APM avg | 404.0 |
| APM peak | 4211 |
| eAPM avg | 403.9 |
| Villagers / military | 0 / 143 |
Focus
⚔️ 62.8% · 🌾 37.2%
Spearman ×54 · Knight ×30 · Scout Cavalry ×29 · Battering Ram ×10 · Skirmisher ×7 · Hand Cannoneer ×5
Feudal
—
Castle
—
Imperial
—
| APM avg | 509.6 |
| APM peak | 7851 |
| eAPM avg | 509.6 |
| Villagers / military | 0 / 199 |
Focus
⚔️ 53.5% · 🌾 46.5%
Militia ×101 · Spearman ×39 · Hand Cannoneer ×18 · Battering Ram ×11 · Skirmisher ×9 · Scout Cavalry ×9
Feudal
—
Castle
—
Imperial
—
| APM avg | 1551.5 |
| APM peak | 17295 |
| eAPM avg | 1551.4 |
| Villagers / military | 0 / 79 |
Focus
⚔️ 83.2% · 🌾 16.8%
Skirmisher ×23 · Spearman ×20 · Longbowman ×19 · Monk ×6 · Knight ×5 · Battering Ram ×4
Match map
Resources at game start + every placement click. Thick line = wall · dashed box = detected house wall. 🟡 gold · ⚪ stone · 🟢 berries · 🔶 boar · ⭕ relic
Inputs per minute
— gigathib - - AOKI_JunioR
Build order — gigathib
First 150 of 375 actions detected
| 0:11 | Create | Villager (Male) |
| 0:11 | Create | Villager (Male) |
| 0:11 | Create | Villager (Male) |
| 0:12 | Create | Villager (Male) |
| 1:43 | Create | Villager (Male) |
| 1:58 | Build | Lumber Camp |
| 2:25 | Create | Villager (Male) |
| 2:35 | Create | Villager (Male) |
| 3:28 | Create | Villager (Male) |
| 3:28 | Create | Villager (Male) |
| 4:07 | Create | Villager (Male) |
| 4:55 | Create | Villager (Male) |
| 5:45 | Create | Villager (Male) |
| 6:07 | Create | Villager (Male) |
| 6:21 | Create | Villager (Male) |
| 6:42 | Build | Mill |
| 6:51 | Create | Villager (Male) |
| 7:05 | Create | Villager (Male) |
| 7:33 | Build | Farm |
| 7:34 | Build | Farm |
| 7:36 | Build | Farm |
| 7:40 | Build | Farm |
| 7:59 | Research | Feudal Age |
| 7:59 | Research | Loom |
| 8:23 | Build | Farm |
| 10:03 | Create | Villager (Male) |
| 10:08 | Age | Feudal Age |
| 10:11 | Research | Double-Bit Axe |
| 10:15 | Research | Horse Collar |
| 10:41 | Build | Lumber Camp |
| 10:46 | Create | Villager (Male) |
| 11:14 | Build | Farm |
| 11:36 | Create | Villager (Male) |
| 11:38 | Create | Villager (Male) |
| 12:10 | Build | Mining Camp |
| 12:17 | Create | Villager (Male) |
| 12:50 | Build | Barracks |
| 13:01 | Build | Farm |
| 13:26 | Create | Villager (Male) |
| 13:29 | Research | Wheelbarrow |
| 13:41 | Research | Gold Mining |
| 13:55 | Build | Farm |
| 14:18 | Create | Villager (Male) |
| 14:36 | Build | Blacksmith |
| 15:08 | Create | Villager (Male) |
| 15:39 | Create | Villager (Male) |
| 15:48 | Build | Market |
| 16:23 | Create | Villager (Male) |
| 16:54 | Research | Castle Age |
| 17:05 | Build | Farm |
| 17:11 | Build | Farm |
| 17:13 | Build | Farm |
| 17:16 | Build | Farm |
| 17:17 | Build | Farm |
| 17:18 | Build | Farm |
| 17:20 | Build | Farm |
| 17:44 | Research | Stone Mining |
| 18:29 | Build | Farm |
| 18:53 | Create | Villager (Male) |
| 19:34 | Age | Castle Age |
| 19:35 | Research | Bow Saw |
| 19:50 | Create | Villager (Male) |
| 20:08 | Build | Mining Camp |
| 20:21 | Create | Villager (Male) |
| 21:18 | Build | Monastery |
| 21:25 | Create | Villager (Male) |
| 21:31 | Research | Hand Cart |
| 21:32 | Create | Villager (Male) |
| 21:39 | Research | Scale Barding Armor |
| 21:52 | Research | Gold Shaft Mining |
| 21:56 | Research | Heavy Plow |
| 22:03 | Create | Monk |
| 22:16 | Create | Villager (Male) |
| 23:08 | Create | Villager (Male) |
| 23:18 | Build | Stable |
| 23:31 | Create | Villager (Male) |
| 24:25 | Create | Villager (Male) |
| 24:58 | Build | Town Center |
| 25:05 | Create | Villager (Male) |
| 25:39 | Create | Villager (Male) |
| 26:04 | Create | Villager (Male) |
| 26:05 | Create | Villager (Male) |
| 26:13 | Build | Lumber Camp |
| 26:28 | Create | Villager (Male) |
| 26:28 | Create | Villager (Male) |
| 26:28 | Create | Villager (Male) |
| 26:32 | Create | Villager (Male) |
| 26:57 | Research | Bloodlines |
| 27:05 | Research | Husbandry |
| 27:25 | Create | Knight |
| 27:25 | Create | Knight |
| 27:32 | Build | Stable |
| 29:02 | Create | Knight |
| 29:02 | Create | Knight |
| 29:03 | Create | Knight |
| 29:52 | Build | Castle |
| 30:03 | Create | Villager (Male) |
| 30:05 | Create | Villager (Male) |
| 30:06 | Create | Villager (Male) |
| 30:09 | Create | Villager (Male) |
| 30:11 | Create | Villager (Male) |
| 30:11 | Create | Villager (Male) |
| 30:34 | Create | Villager (Male) |
| 30:35 | Create | Villager (Male) |
| 30:50 | Create | Knight |
| 30:51 | Create | Knight |
| 30:52 | Create | Knight |
| 31:08 | Build | Mining Camp |
| 31:20 | Create | Tarkan |
| 31:22 | Create | Tarkan |
| 31:32 | Research | Marauders |
| 33:24 | Create | Tarkan |
| 33:24 | Create | Tarkan |
| 33:25 | Create | Tarkan |
| 33:28 | Create | Tarkan |
| 33:28 | Create | Tarkan |
| 33:28 | Create | Tarkan |
| 33:28 | Create | Tarkan |
| 33:29 | Create | Tarkan |
| 33:29 | Create | Tarkan |
| 33:30 | Create | Tarkan |
| 33:49 | Research | Chain Barding Armor |
| 33:50 | Research | Scale Mail Armor |
| 34:34 | Create | Tarkan |
| 34:35 | Create | Tarkan |
| 34:35 | Create | Tarkan |
| 34:39 | Research | Light Cavalry (upgrade) |
| 34:48 | Build | Stable |
| 34:50 | Build | Stable |
| 34:52 | Build | Stable |
| 34:53 | Build | Stable |
| 35:08 | Create | Tarkan |
| 35:29 | Build | Castle |
| 35:41 | Create | Tarkan |
| 35:42 | Create | Tarkan |
| 35:42 | Create | Tarkan |
| 35:42 | Create | Tarkan |
| 35:43 | Create | Tarkan |
| 36:09 | Create | Tarkan |
| 36:09 | Create | Tarkan |
| 36:10 | Create | Tarkan |
| 36:10 | Create | Tarkan |
| 36:19 | Create | Tarkan |
| 36:20 | Create | Tarkan |
| 36:20 | Create | Tarkan |
| 36:20 | Create | Tarkan |
| 36:36 | Create | Tarkan |
| 36:36 | Create | Tarkan |
| 36:49 | Create | Tarkan |
| 36:49 | Create | Tarkan |
Build order — AOKI_JunioR
First 150 of 546 actions detected
| 0:00 | Create | Villager (Male) |
| 0:01 | Create | Villager (Male) |
| 0:02 | Build | House |
| 0:03 | Build | House |
| 0:13 | Create | Villager (Male) |
| 0:14 | Create | Villager (Male) |
| 1:27 | Create | Villager (Male) |
| 1:44 | Build | Lumber Camp |
| 1:59 | Create | Villager (Male) |
| 1:59 | Create | Villager (Male) |
| 2:09 | Build | House |
| 2:18 | Create | Villager (Male) |
| 2:49 | Create | Villager (Male) |
| 3:08 | Create | Villager (Male) |
| 3:46 | Create | Villager (Male) |
| 4:06 | Create | Villager (Male) |
| 4:06 | Create | Villager (Male) |
| 4:41 | Create | Villager (Male) |
| 4:41 | Create | Villager (Male) |
| 5:09 | Create | Villager (Male) |
| 5:29 | Create | Villager (Male) |
| 5:34 | Build | House |
| 6:02 | Create | Villager (Male) |
| 6:26 | Create | Villager (Male) |
| 6:58 | Create | Villager (Male) |
| 6:58 | Create | Villager (Male) |
| 7:16 | Build | Mill |
| 7:20 | Build | Mining Camp |
| 7:29 | Build | Farm |
| 7:48 | Build | Farm |
| 7:51 | Build | Farm |
| 7:55 | Research | Feudal Age |
| 8:10 | Build | House |
| 9:29 | Build | Farm |
| 10:10 | Create | Villager (Male) |
| 10:11 | Age | Feudal Age |
| 10:56 | Research | Castle Age |
| 10:56 | Research | Castle Age |
| 11:07 | Build | Farm |
| 11:34 | Research | Double-Bit Axe |
| 11:34 | Research | Double-Bit Axe |
| 11:58 | Research | Horse Collar |
| 12:58 | Create | Villager (Male) |
| 12:58 | Create | Villager (Male) |
| 13:36 | Age | Castle Age |
| 13:38 | Build | Town Center |
| 13:42 | Build | Town Center |
| 14:06 | Create | Villager (Male) |
| 14:09 | Build | Farm |
| 14:15 | Build | Farm |
| 14:17 | Build | Farm |
| 14:28 | Create | Villager (Male) |
| 14:49 | Build | Farm |
| 14:54 | Create | Villager (Male) |
| 14:54 | Create | Villager (Male) |
| 14:54 | Create | Villager (Male) |
| 14:55 | Create | Villager (Male) |
| 15:01 | Create | Villager (Male) |
| 15:02 | Create | Villager (Male) |
| 15:02 | Create | Villager (Male) |
| 15:02 | Create | Villager (Male) |
| 15:08 | Create | Villager (Male) |
| 15:08 | Create | Villager (Male) |
| 15:08 | Create | Villager (Male) |
| 15:13 | Build | Farm |
| 15:16 | Build | Farm |
| 15:21 | Build | Farm |
| 15:38 | Create | Villager (Male) |
| 15:38 | Create | Villager (Male) |
| 15:38 | Create | Villager (Male) |
| 15:52 | Build | Farm |
| 15:54 | Build | Farm |
| 16:04 | Build | Farm |
| 16:06 | Create | Villager (Male) |
| 16:06 | Create | Villager (Male) |
| 16:10 | Create | Villager (Male) |
| 16:10 | Create | Villager (Male) |
| 16:18 | Build | Farm |
| 16:19 | Build | Farm |
| 16:36 | Research | Bow Saw |
| 16:45 | Create | Villager (Male) |
| 16:45 | Create | Villager (Male) |
| 16:48 | Build | House |
| 17:03 | Build | House |
| 17:04 | Build | House |
| 17:09 | Build | Farm |
| 17:13 | Build | Farm |
| 17:16 | Create | Villager (Male) |
| 17:16 | Create | Villager (Male) |
| 17:16 | Create | Villager (Male) |
| 17:16 | Create | Villager (Male) |
| 17:28 | Build | Farm |
| 17:42 | Create | Villager (Male) |
| 17:43 | Create | Villager (Male) |
| 17:43 | Create | Villager (Male) |
| 17:52 | Research | Wheelbarrow |
| 18:07 | Research | Heavy Plow |
| 18:18 | Build | House |
| 18:18 | Build | House |
| 18:21 | Build | Farm |
| 18:23 | Build | Farm |
| 18:29 | Create | Villager (Male) |
| 18:29 | Create | Villager (Male) |
| 18:29 | Create | Villager (Male) |
| 18:41 | Create | Villager (Male) |
| 18:56 | Create | Villager (Male) |
| 18:56 | Create | Villager (Male) |
| 18:57 | Create | Villager (Male) |
| 19:09 | Build | Farm |
| 19:13 | Build | Farm |
| 19:16 | Build | Farm |
| 19:21 | Build | Farm |
| 19:22 | Create | Villager (Male) |
| 19:48 | Create | Villager (Male) |
| 19:48 | Create | Villager (Male) |
| 19:49 | Create | Villager (Male) |
| 19:49 | Create | Villager (Male) |
| 19:49 | Create | Villager (Male) |
| 19:49 | Create | Villager (Male) |
| 19:49 | Create | Villager (Male) |
| 19:49 | Create | Villager (Male) |
| 19:50 | Create | Villager (Male) |
| 19:52 | Build | Farm |
| 19:59 | Research | Gold Mining |
| 20:14 | Build | Farm |
| 20:20 | Build | Farm |
| 20:26 | Build | House |
| 20:27 | Build | House |
| 20:33 | Build | Town Center |
| 20:40 | Research | Gold Shaft Mining |
| 20:44 | Build | Farm |
| 20:49 | Create | Villager (Male) |
| 20:50 | Create | Villager (Male) |
| 20:50 | Create | Villager (Male) |
| 20:50 | Create | Villager (Male) |
| 20:50 | Create | Villager (Male) |
| 20:50 | Create | Villager (Male) |
| 20:50 | Create | Villager (Male) |
| 20:58 | Build | Farm |
| 21:00 | Build | Farm |
| 21:02 | Build | Farm |
| 21:30 | Create | Villager (Male) |
| 21:30 | Create | Villager (Male) |
| 21:32 | Build | House |
| 21:33 | Build | House |
| 21:34 | Build | House |
| 21:41 | Research | Stone Mining |
| 21:47 | Build | Farm |
| 21:49 | Build | Farm |
| 21:53 | Build | Farm |
Build order — pouletcuri
First 150 of 420 actions detected
| 0:15 | Build | House |
| 0:31 | Create | Villager (Male) |
| 0:32 | Create | Villager (Male) |
| 0:32 | Create | Villager (Male) |
| 0:32 | Create | Villager (Male) |
| 0:32 | Create | Villager (Male) |
| 0:32 | Create | Villager (Male) |
| 0:44 | Build | House |
| 1:54 | Create | Villager (Male) |
| 2:54 | Create | Villager (Male) |
| 3:36 | Create | Villager (Male) |
| 3:36 | Create | Villager (Male) |
| 3:36 | Create | Villager (Male) |
| 4:04 | Create | Villager (Male) |
| 4:05 | Create | Villager (Male) |
| 4:12 | Build | House |
| 4:15 | Build | House |
| 4:40 | Create | Villager (Male) |
| 4:41 | Create | Villager (Male) |
| 5:05 | Build | Mill |
| 5:26 | Create | Villager (Male) |
| 5:27 | Create | Villager (Male) |
| 7:19 | Build | Barracks |
| 8:28 | Research | Loom |
| 8:37 | Research | Horse Collar |
| 8:48 | Build | Lumber Camp |
| 9:28 | Research | Feudal Age |
| 9:39 | Build | Farm |
| 9:44 | Build | Farm |
| 10:47 | Research | Double-Bit Axe |
| 11:20 | Build | House |
| 11:21 | Build | House |
| 11:35 | Research | Wheelbarrow |
| 11:38 | Age | Feudal Age |
| 11:49 | Create | Villager (Male) |
| 11:49 | Create | Villager (Male) |
| 11:49 | Create | Villager (Male) |
| 11:49 | Create | Villager (Male) |
| 12:04 | Create | Villager (Male) |
| 12:54 | Research | Heavy Plow |
| 13:15 | Research | Bow Saw |
| 13:37 | Build | Mining Camp |
| 14:44 | Build | Stable |
| 14:52 | Create | Villager (Male) |
| 14:52 | Create | Villager (Male) |
| 14:53 | Create | Villager (Male) |
| 14:53 | Create | Villager (Male) |
| 14:53 | Create | Villager (Male) |
| 15:29 | Build | Archery Range |
| 15:50 | Build | Farm |
| 16:09 | Build | Farm |
| 16:35 | Build | Farm |
| 17:04 | Build | Farm |
| 17:08 | Create | Villager (Male) |
| 17:09 | Create | Villager (Male) |
| 17:16 | Build | Farm |
| 17:45 | Build | Farm |
| 17:59 | Create | Archer |
| 17:59 | Create | Archer |
| 17:59 | Create | Archer |
| 17:59 | Create | Archer |
| 18:00 | Create | Archer |
| 18:00 | Create | Archer |
| 18:00 | Create | Archer |
| 18:13 | Build | Farm |
| 18:33 | Create | Villager (Male) |
| 18:34 | Create | Villager (Male) |
| 18:34 | Create | Villager (Male) |
| 18:35 | Create | Villager (Male) |
| 18:35 | Create | Villager (Male) |
| 19:26 | Build | Market |
| 19:34 | Build | Farm |
| 19:56 | Build | Farm |
| 20:20 | Build | House |
| 20:21 | Build | House |
| 20:22 | Build | House |
| 20:23 | Build | House |
| 20:25 | Build | House |
| 20:50 | Build | Farm |
| 21:11 | Build | Blacksmith |
| 21:31 | Research | Castle Age |
| 21:49 | Build | Stable |
| 21:50 | Build | Stable |
| 21:56 | Build | Barracks |
| 22:09 | Create | Flemish Militia |
| 22:09 | Create | Flemish Militia |
| 22:10 | Create | Flemish Militia |
| 22:10 | Create | Flemish Militia |
| 22:22 | Research | Scale Mail Armor |
| 22:53 | Build | House |
| 22:54 | Build | House |
| 22:55 | Build | House |
| 22:56 | Build | House |
| 22:58 | Build | House |
| 22:59 | Build | House |
| 22:59 | Build | House |
| 23:01 | Build | House |
| 23:04 | Build | House |
| 23:06 | Build | House |
| 23:06 | Build | House |
| 23:15 | Research | Forging |
| 23:23 | Research | Padded Archer Armor |
| 23:32 | Create | Flemish Militia |
| 23:32 | Create | Flemish Militia |
| 23:32 | Create | Flemish Militia |
| 23:33 | Create | Flemish Militia |
| 23:33 | Create | Flemish Militia |
| 23:33 | Create | Flemish Militia |
| 24:11 | Age | Castle Age |
| 24:21 | Research | Crop Rotation |
| 24:32 | Create | Villager (Male) |
| 24:36 | Create | Villager (Male) |
| 24:43 | Create | Flemish Militia |
| 24:59 | Research | Gold Mining |
| 25:10 | Build | Farm |
| 25:17 | Create | Villager (Male) |
| 25:20 | Create | Villager (Male) |
| 25:28 | Build | Farm |
| 25:32 | Create | Flemish Militia |
| 25:32 | Create | Flemish Militia |
| 25:32 | Create | Flemish Militia |
| 26:14 | Build | Farm |
| 26:17 | Create | Villager (Male) |
| 26:17 | Create | Villager (Male) |
| 26:18 | Create | Villager (Male) |
| 26:18 | Create | Villager (Male) |
| 26:18 | Create | Villager (Male) |
| 26:18 | Create | Villager (Male) |
| 26:26 | Build | Farm |
| 26:46 | Create | Knight |
| 26:47 | Create | Knight |
| 26:47 | Create | Knight |
| 26:47 | Create | Knight |
| 26:58 | Build | Farm |
| 27:23 | Build | Town Center |
| 27:46 | Create | Villager (Male) |
| 27:46 | Create | Villager (Male) |
| 27:46 | Create | Villager (Male) |
| 27:57 | Research | Squires |
| 28:00 | Research | Arson |
| 28:09 | Research | Husbandry |
| 28:41 | Build | Farm |
| 28:50 | Build | Farm |
| 28:55 | Create | Villager (Male) |
| 28:55 | Create | Villager (Male) |
| 28:56 | Create | Villager (Male) |
| 29:05 | Build | Farm |
| 29:09 | Create | Villager (Male) |
| 29:09 | Create | Villager (Male) |
| 29:09 | Create | Villager (Male) |
Build order — del1580
First 150 of 299 actions detected
| 0:16 | Build | House |
| 0:26 | Build | House |
| 0:53 | Create | Villager (Male) |
| 0:53 | Create | Villager (Male) |
| 0:53 | Create | Villager (Male) |
| 0:54 | Create | Villager (Male) |
| 2:19 | Build | Lumber Camp |
| 2:35 | Create | Villager (Male) |
| 2:36 | Create | Villager (Male) |
| 3:01 | Create | Villager (Male) |
| 3:46 | Create | Villager (Male) |
| 4:20 | Build | House |
| 4:37 | Create | Villager (Male) |
| 4:37 | Create | Villager (Male) |
| 5:34 | Create | Villager (Male) |
| 5:34 | Create | Villager (Male) |
| 5:34 | Create | Villager (Male) |
| 7:42 | Create | Villager (Male) |
| 7:42 | Create | Villager (Male) |
| 7:43 | Create | Villager (Male) |
| 7:45 | Create | Villager (Male) |
| 8:13 | Build | Barracks |
| 8:36 | Build | House |
| 8:37 | Build | House |
| 9:03 | Create | Villager (Male) |
| 9:03 | Create | Villager (Male) |
| 9:38 | Build | Mill |
| 10:16 | Create | Villager (Male) |
| 10:16 | Create | Villager (Male) |
| 10:16 | Create | Villager (Male) |
| 10:18 | Create | Villager (Male) |
| 11:02 | Build | House |
| 11:43 | Research | Feudal Age |
| 11:48 | Create | Villager (Male) |
| 13:21 | Build | Mining Camp |
| 13:54 | Research | Loom |
| 14:00 | Create | Villager (Male) |
| 14:01 | Create | Villager (Male) |
| 14:01 | Create | Villager (Male) |
| 14:03 | Research | Wheelbarrow |
| 14:13 | Build | Farm |
| 14:15 | Build | Farm |
| 14:16 | Build | Farm |
| 14:17 | Build | Farm |
| 14:19 | Build | Farm |
| 14:22 | Build | Farm |
| 14:24 | Build | Farm |
| 14:25 | Build | Farm |
| 14:32 | Create | Villager (Male) |
| 14:32 | Create | Villager (Male) |
| 14:33 | Create | Villager (Male) |
| 14:33 | Create | Villager (Male) |
| 15:45 | Build | Market |
| 16:29 | Build | Farm |
| 16:30 | Build | Farm |
| 16:31 | Build | Farm |
| 16:33 | Build | Farm |
| 17:07 | Create | Villager (Male) |
| 17:07 | Create | Villager (Male) |
| 18:23 | Build | House |
| 18:24 | Build | House |
| 18:26 | Build | House |
| 18:36 | Build | Lumber Camp |
| 19:12 | Build | Mining Camp |
| 19:42 | Create | Villager (Male) |
| 19:43 | Create | Villager (Male) |
| 19:43 | Create | Villager (Male) |
| 19:43 | Create | Villager (Male) |
| 19:44 | Create | Villager (Male) |
| 20:58 | Create | Villager (Male) |
| 20:58 | Create | Villager (Male) |
| 21:21 | Build | Blacksmith |
| 22:40 | Research | Castle Age |
| 23:46 | Build | Farm |
| 23:47 | Build | Farm |
| 23:49 | Build | Farm |
| 23:51 | Build | Farm |
| 23:52 | Build | Farm |
| 23:58 | Build | Farm |
| 24:00 | Build | Farm |
| 24:08 | Create | Villager (Male) |
| 24:08 | Create | Villager (Male) |
| 24:08 | Create | Villager (Male) |
| 24:09 | Create | Villager (Male) |
| 24:09 | Create | Villager (Male) |
| 25:35 | Build | House |
| 25:36 | Build | House |
| 25:38 | Build | House |
| 25:39 | Build | House |
| 25:41 | Build | House |
| 25:42 | Build | House |
| 25:44 | Build | House |
| 27:45 | Build | Archery Range |
| 28:11 | Build | Castle |
| 28:21 | Create | Villager (Male) |
| 28:21 | Create | Villager (Male) |
| 28:22 | Create | Villager (Male) |
| 28:22 | Create | Villager (Male) |
| 28:22 | Create | Villager (Male) |
| 28:48 | Create | Villager (Male) |
| 28:48 | Create | Villager (Male) |
| 29:04 | Build | Farm |
| 29:11 | Build | Farm |
| 29:13 | Build | Farm |
| 29:14 | Build | Farm |
| 29:15 | Build | Farm |
| 29:17 | Build | Farm |
| 29:29 | Research | Double-Bit Axe |
| 29:41 | Research | Horse Collar |
| 30:52 | Create | Villager (Male) |
| 30:53 | Create | Villager (Male) |
| 30:53 | Create | Villager (Male) |
| 30:53 | Create | Villager (Male) |
| 30:53 | Create | Villager (Male) |
| 30:54 | Create | Villager (Male) |
| 30:54 | Create | Villager (Male) |
| 30:54 | Create | Villager (Male) |
| 30:54 | Create | Villager (Male) |
| 30:57 | Research | Imperial Age |
| 31:11 | Research | Imperial Age |
| 31:12 | Create | Villager (Male) |
| 31:12 | Create | Villager (Male) |
| 31:12 | Create | Villager (Male) |
| 31:13 | Create | Villager (Male) |
| 31:13 | Create | Villager (Male) |
| 31:13 | Create | Villager (Male) |
| 31:14 | Create | Villager (Male) |
| 31:14 | Create | Villager (Male) |
| 31:14 | Create | Villager (Male) |
| 31:14 | Create | Villager (Male) |
| 31:15 | Create | Villager (Male) |
| 31:15 | Create | Villager (Male) |
| 32:41 | Build | Castle |
| 33:32 | Create | Janissary |
| 33:32 | Create | Janissary |
| 33:33 | Create | Janissary |
| 33:33 | Create | Janissary |
| 33:33 | Create | Janissary |
| 33:33 | Create | Janissary |
| 33:34 | Create | Janissary |
| 33:34 | Create | Janissary |
| 33:34 | Create | Janissary |
| 35:01 | Create | Villager (Male) |
| 35:01 | Create | Villager (Male) |
| 35:01 | Create | Villager (Male) |
| 35:01 | Create | Villager (Male) |
| 35:22 | Build | Farm |
| 35:23 | Build | Farm |
| 35:25 | Build | Farm |
| 35:29 | Build | Farm |
Build order —
First 150 of 231 actions detected
| 0:10 | Build | House |
| 0:53 | Build | Lumber Camp |
| 1:53 | Build | House |
| 2:10 | Research | Tech None |
| 2:36 | Build | Mill |
| 4:32 | Build | House |
| 5:55 | Build | Lumber Camp |
| 6:43 | Build | House |
| 7:55 | Build | Farm |
| 7:56 | Build | Farm |
| 8:01 | Build | Farm |
| 8:43 | Build | Farm |
| 8:58 | Build | House |
| 9:47 | Build | Farm |
| 10:09 | Research | Tech None |
| 10:22 | Build | Mining Camp |
| 11:39 | Build | Lumber Camp |
| 12:15 | Build | Lumber Camp |
| 12:16 | Build | Farm |
| 12:18 | Build | Farm |
| 13:16 | Build | House |
| 13:39 | Build | Market |
| 14:17 | Build | Blacksmith |
| 14:20 | Build | House |
| 14:38 | Research | Tech None |
| 15:10 | Research | Tech None |
| 15:11 | Research | Tech None |
| 15:32 | Build | Farm |
| 15:58 | Build | Farm |
| 16:04 | Build | Farm |
| 16:15 | Build | Farm |
| 16:27 | Build | Farm |
| 16:30 | Build | Farm |
| 16:44 | Build | Farm |
| 16:53 | Build | Farm |
| 16:57 | Build | Farm |
| 17:59 | Research | Tech None |
| 17:59 | Build | Town Center |
| 18:00 | Research | Tech None |
| 18:00 | Build | Town Center |
| 18:25 | Build | Town Center |
| 18:26 | Build | House |
| 18:32 | Build | House |
| 18:43 | Build | Farm |
| 18:58 | Build | Farm |
| 19:11 | Build | Farm |
| 19:18 | Build | Farm |
| 19:38 | Research | Tech None |
| 19:51 | Build | Farm |
| 19:59 | Build | Farm |
| 20:10 | Build | Farm |
| 20:14 | Build | Farm |
| 20:36 | Build | Farm |
| 20:40 | Build | Farm |
| 21:00 | Build | Monastery |
| 21:18 | Build | House |
| 21:23 | Build | House |
| 21:25 | Build | Farm |
| 21:31 | Build | Farm |
| 21:34 | Build | Farm |
| 21:55 | Build | House |
| 21:56 | Build | Farm |
| 22:18 | Build | Barracks |
| 22:24 | Build | Farm |
| 22:36 | Build | Farm |
| 22:49 | Build | Farm |
| 23:00 | Build | Lumber Camp |
| 23:14 | Build | Farm |
| 23:15 | Build | House |
| 23:15 | Build | House |
| 23:17 | Build | Farm |
| 23:41 | Build | Farm |
| 23:47 | Build | Archery Range |
| 23:54 | Build | House |
| 24:02 | Build | Farm |
| 24:08 | Build | House |
| 24:17 | Build | Farm |
| 24:29 | Build | Farm |
| 24:31 | Build | Farm |
| 24:34 | Build | Farm |
| 25:07 | Build | Siege Workshop |
| 25:14 | Build | Mill |
| 25:27 | Build | House |
| 25:28 | Build | House |
| 25:33 | Build | Stable |
| 25:42 | Research | Tech None |
| 25:58 | Build | Barracks |
| 26:07 | Research | Tech None |
| 26:07 | Build | Farm |
| 26:08 | Build | House |
| 26:08 | Build | House |
| 26:11 | Research | Tech None |
| 26:14 | Build | House |
| 26:21 | Build | Mining Camp |
| 26:30 | Research | Tech None |
| 26:36 | Research | Tech None |
| 26:36 | Build | Barracks |
| 27:00 | Build | Lumber Camp |
| 27:02 | Research | Tech None |
| 27:12 | Research | Tech None |
| 27:12 | Build | Barracks |
| 27:13 | Research | Tech None |
| 27:41 | Research | Tech None |
| 27:52 | Build | Barracks |
| 28:11 | Build | Barracks |
| 28:26 | Build | Barracks |
| 28:53 | Build | University |
| 29:12 | Research | Tech None |
| 29:13 | Build | Siege Workshop |
| 29:25 | Build | Stable |
| 29:28 | Research | Tech None |
| 29:39 | Create | Militia |
| 29:43 | Create | Militia |
| 29:45 | Create | Militia |
| 29:47 | Build | Market |
| 29:47 | Create | Militia |
| 29:48 | Create | Militia |
| 29:53 | Create | Militia |
| 29:54 | Research | Tech None |
| 30:09 | Research | Tech None |
| 30:10 | Create | Spearman |
| 30:11 | Research | Tech None |
| 30:31 | Create | Battering Ram |
| 30:37 | Research | Tech None |
| 30:45 | Create | Militia |
| 30:47 | Create | Militia |
| 30:47 | Create | Militia |
| 30:51 | Build | Stable |
| 31:01 | Build | Lumber Camp |
| 31:11 | Build | Farm |
| 31:12 | Build | Farm |
| 31:14 | Research | Tech None |
| 31:18 | Create | Militia |
| 31:26 | Build | Archery Range |
| 31:27 | Create | Militia |
| 31:32 | Create | Militia |
| 31:39 | Create | Militia |
| 31:39 | Create | Spearman |
| 31:44 | Build | Archery Range |
| 31:46 | Create | Militia |
| 31:48 | Create | Militia |
| 31:48 | Create | Spearman |
| 31:53 | Create | Militia |
| 31:56 | Build | House |
| 31:57 | Build | House |
| 31:58 | Build | House |
| 32:01 | Create | Militia |
| 32:01 | Create | Spearman |
| 32:05 | Create | Militia |
| 32:05 | Create | Spearman |
Build order —
First 150 of 400 actions detected
| 0:10 | Build | House |
| 0:41 | Build | Lumber Camp |
| 0:43 | Build | Lumber Camp |
| 1:53 | Build | House |
| 2:00 | Build | Mill |
| 3:41 | Research | Tech None |
| 3:58 | Build | House |
| 4:41 | Build | Lumber Camp |
| 6:30 | Build | House |
| 7:05 | Build | Farm |
| 7:06 | Build | Farm |
| 7:58 | Build | Mining Camp |
| 8:32 | Build | Farm |
| 8:35 | Build | House |
| 9:25 | Build | Farm |
| 10:13 | Research | Tech None |
| 10:16 | Build | House |
| 11:58 | Build | Lumber Camp |
| 12:26 | Build | Market |
| 12:27 | Build | Blacksmith |
| 13:38 | Research | Tech None |
| 13:57 | Build | House |
| 14:45 | Research | Tech None |
| 14:50 | Research | Tech None |
| 14:50 | Build | Farm |
| 14:51 | Build | Farm |
| 15:02 | Build | Farm |
| 15:05 | Build | Farm |
| 15:28 | Build | Lumber Camp |
| 16:00 | Build | Farm |
| 16:17 | Build | Town Center |
| 16:27 | Build | Farm |
| 16:32 | Build | Farm |
| 16:36 | Build | House |
| 16:53 | Build | Farm |
| 17:07 | Build | Farm |
| 17:15 | Build | Farm |
| 17:25 | Build | Farm |
| 17:38 | Build | Farm |
| 17:42 | Research | Tech None |
| 17:43 | Build | Farm |
| 18:27 | Build | Town Center |
| 18:49 | Build | House |
| 18:50 | Build | House |
| 18:52 | Research | Tech None |
| 19:05 | Build | Farm |
| 19:12 | Build | Farm |
| 19:18 | Build | Farm |
| 19:46 | Build | Monastery |
| 19:57 | Build | Farm |
| 20:34 | Research | Tech None |
| 20:36 | Build | Farm |
| 20:51 | Build | Farm |
| 21:03 | Build | Farm |
| 21:22 | Build | Farm |
| 21:42 | Build | Farm |
| 22:02 | Build | Siege Workshop |
| 22:38 | Build | Town Center |
| 22:39 | Build | House |
| 22:39 | Build | House |
| 23:00 | Build | Farm |
| 23:13 | Build | Farm |
| 23:17 | Build | Farm |
| 23:19 | Build | House |
| 23:30 | Build | House |
| 23:36 | Build | Farm |
| 23:46 | Build | Farm |
| 23:54 | Build | Farm |
| 24:03 | Build | House |
| 24:35 | Build | Farm |
| 24:44 | Build | Farm |
| 24:45 | Research | Tech None |
| 24:53 | Build | Farm |
| 24:58 | Build | Farm |
| 25:04 | Build | Farm |
| 25:14 | Build | Farm |
| 25:19 | Build | Farm |
| 25:29 | Build | Lumber Camp |
| 25:56 | Build | Mining Camp |
| 26:05 | Build | Mining Camp |
| 26:10 | Build | Mining Camp |
| 26:13 | Research | Tech None |
| 26:13 | Build | House |
| 26:14 | Build | House |
| 26:15 | Build | House |
| 26:21 | Build | Mining Camp |
| 26:23 | Research | Tech None |
| 26:38 | Research | Tech None |
| 26:53 | Build | House |
| 26:58 | Build | Barracks |
| 27:10 | Research | Tech None |
| 27:19 | Research | Tech None |
| 27:20 | Build | Barracks |
| 27:37 | Research | Tech None |
| 27:46 | Build | Mining Camp |
| 27:58 | Build | Barracks |
| 28:24 | Build | Stable |
| 28:39 | Build | Barracks |
| 28:53 | Research | Tech None |
| 28:58 | Build | Barracks |
| 29:08 | Research | Tech None |
| 29:13 | Build | Lumber Camp |
| 29:16 | Research | Tech None |
| 29:29 | Build | Lumber Camp |
| 29:45 | Build | Stable |
| 29:56 | Research | Tech None |
| 30:09 | Research | Tech None |
| 30:10 | Create | Spearman |
| 30:11 | Research | Tech None |
| 30:11 | Create | Spearman |
| 30:12 | Research | Tech None |
| 30:22 | Create | Spearman |
| 30:23 | Create | Spearman |
| 30:27 | Create | Monk |
| 30:40 | Research | Tech None |
| 31:01 | Create | Knight |
| 31:12 | Build | Monastery |
| 31:34 | Research | Tech None |
| 31:34 | Create | Battering Ram |
| 31:34 | Build | University |
| 31:34 | Build | Stable |
| 31:39 | Build | Barracks |
| 31:42 | Research | Tech None |
| 31:57 | Create | Spearman |
| 32:00 | Research | Tech None |
| 32:05 | Build | Siege Workshop |
| 32:21 | Build | House |
| 32:22 | Build | House |
| 32:23 | Build | House |
| 32:27 | Research | Tech None |
| 32:31 | Build | Stable |
| 32:35 | Create | Knight |
| 32:36 | Research | Tech None |
| 32:39 | Create | Spearman |
| 32:43 | Create | Spearman |
| 32:46 | Create | Spearman |
| 32:51 | Create | Spearman |
| 32:55 | Create | Spearman |
| 33:16 | Create | Spearman |
| 33:20 | Create | Battering Ram |
| 33:30 | Build | Lumber Camp |
| 33:34 | Research | Tech None |
| 33:41 | Create | Battering Ram |
| 33:43 | Create | Knight |
| 33:43 | Create | Scout Cavalry |
| 33:46 | Create | Knight |
| 33:54 | Create | Spearman |
| 34:12 | Create | Battering Ram |
| 34:12 | Build | University |
| 34:13 | Create | Knight |
Build order —
First 150 of 447 actions detected
| 0:10 | Build | House |
| 0:42 | Build | Lumber Camp |
| 1:57 | Build | House |
| 2:00 | Build | Mill |
| 2:15 | Research | Tech None |
| 2:30 | Build | Lumber Camp |
| 4:36 | Build | House |
| 6:49 | Build | House |
| 7:29 | Build | Farm |
| 7:30 | Build | Farm |
| 7:43 | Build | Farm |
| 8:08 | Build | Farm |
| 8:09 | Build | Farm |
| 8:13 | Build | Farm |
| 8:51 | Build | Mining Camp |
| 9:07 | Build | House |
| 10:45 | Research | Tech None |
| 10:46 | Build | House |
| 12:07 | Build | Lumber Camp |
| 12:48 | Build | Farm |
| 12:54 | Build | Lumber Camp |
| 12:54 | Build | Lumber Camp |
| 12:56 | Build | Farm |
| 13:03 | Build | Market |
| 13:04 | Build | Blacksmith |
| 13:56 | Research | Tech None |
| 13:56 | Build | House |
| 14:19 | Research | Tech None |
| 14:49 | Research | Tech None |
| 15:16 | Build | Farm |
| 15:23 | Build | Farm |
| 15:30 | Build | Farm |
| 15:43 | Build | Farm |
| 15:50 | Build | Farm |
| 16:00 | Build | Farm |
| 16:31 | Build | Farm |
| 16:45 | Research | Tech None |
| 16:46 | Build | Town Center |
| 17:16 | Research | Tech None |
| 17:16 | Build | Town Center |
| 17:41 | Build | Town Center |
| 17:48 | Build | House |
| 17:54 | Build | House |
| 18:05 | Build | Farm |
| 18:39 | Build | Monastery |
| 18:47 | Build | Farm |
| 18:56 | Build | Farm |
| 19:34 | Build | Siege Workshop |
| 20:02 | Research | Tech None |
| 20:10 | Build | Farm |
| 20:23 | Build | Farm |
| 20:35 | Build | Farm |
| 20:45 | Build | Farm |
| 20:49 | Build | Farm |
| 20:57 | Build | Farm |
| 21:09 | Build | House |
| 21:12 | Build | House |
| 21:17 | Build | Mining Camp |
| 21:35 | Build | Farm |
| 21:42 | Build | Farm |
| 21:55 | Build | Farm |
| 22:01 | Build | Farm |
| 22:10 | Build | Farm |
| 22:53 | Build | Town Center |
| 22:56 | Build | House |
| 23:00 | Build | House |
| 23:06 | Build | Mining Camp |
| 23:15 | Build | Farm |
| 23:22 | Build | Farm |
| 23:28 | Build | House |
| 23:34 | Build | Farm |
| 23:38 | Build | Farm |
| 23:49 | Build | House |
| 23:59 | Research | Tech None |
| 24:02 | Build | Farm |
| 24:05 | Build | Farm |
| 24:12 | Build | House |
| 24:31 | Create | Monk |
| 24:36 | Research | Tech None |
| 24:44 | Build | Lumber Camp |
| 24:51 | Build | Farm |
| 24:59 | Build | Farm |
| 25:08 | Research | Tech None |
| 25:09 | Build | Farm |
| 25:17 | Build | Farm |
| 25:25 | Build | Farm |
| 25:31 | Build | Farm |
| 26:25 | Research | Tech None |
| 26:29 | Build | House |
| 26:30 | Build | House |
| 26:31 | Build | House |
| 26:41 | Research | Tech None |
| 26:55 | Build | University |
| 26:58 | Build | House |
| 27:14 | Build | Barracks |
| 27:26 | Build | Barracks |
| 27:43 | Build | Barracks |
| 27:59 | Build | Barracks |
| 28:11 | Research | Tech None |
| 28:11 | Research | Tech None |
| 28:18 | Build | Barracks |
| 28:30 | Build | Barracks |
| 28:41 | Research | Tech None |
| 28:46 | Build | Lumber Camp |
| 28:55 | Research | Tech None |
| 28:55 | Research | Tech None |
| 28:55 | Build | Barracks |
| 28:56 | Research | Tech None |
| 29:05 | Build | Siege Workshop |
| 29:28 | Build | Barracks |
| 29:44 | Build | Stable |
| 29:46 | Research | Tech None |
| 29:50 | Create | Militia |
| 29:51 | Create | Militia |
| 29:55 | Create | Militia |
| 30:01 | Build | Stable |
| 30:03 | Research | Tech None |
| 30:19 | Research | Tech None |
| 30:19 | Build | Market |
| 30:28 | Build | Farm |
| 30:34 | Research | Tech None |
| 30:36 | Create | Monk |
| 30:38 | Create | Militia |
| 30:42 | Build | Stable |
| 30:46 | Create | Militia |
| 30:50 | Create | Militia |
| 30:57 | Create | Militia |
| 30:59 | Create | Militia |
| 31:02 | Build | Market |
| 31:02 | Create | Militia |
| 31:05 | Create | Militia |
| 31:05 | Build | Farm |
| 31:08 | Build | Castle |
| 31:18 | Create | Militia |
| 31:22 | Create | Militia |
| 31:24 | Create | Militia |
| 31:29 | Build | Farm |
| 31:30 | Build | Farm |
| 31:31 | Create | Militia |
| 31:32 | Create | Militia |
| 31:34 | Create | Militia |
| 31:34 | Build | Farm |
| 31:37 | Create | Militia |
| 31:38 | Build | Farm |
| 31:44 | Create | Militia |
| 31:51 | Create | Militia |
| 31:54 | Build | House |
| 31:55 | Create | Militia |
| 31:55 | Build | House |
| 31:57 | Build | House |
Build order —
First 150 of 254 actions detected
| 0:10 | Build | House |
| 0:42 | Build | Lumber Camp |
| 1:59 | Build | House |
| 4:10 | Build | House |
| 5:28 | Build | Mill |
| 5:29 | Build | Lumber Camp |
| 5:36 | Research | Tech None |
| 6:15 | Build | Farm |
| 6:18 | Build | Farm |
| 7:03 | Build | Farm |
| 7:06 | Build | Farm |
| 7:30 | Build | House |
| 7:56 | Build | Farm |
| 8:42 | Build | Farm |
| 9:12 | Build | Farm |
| 9:33 | Build | Farm |
| 9:42 | Build | House |
| 10:00 | Build | Farm |
| 10:25 | Build | Farm |
| 10:54 | Build | Mining Camp |
| 11:43 | Build | Mill |
| 11:53 | Build | House |
| 12:46 | Research | Tech None |
| 15:04 | Build | Market |
| 15:04 | Build | Blacksmith |
| 15:05 | Build | House |
| 16:49 | Research | Tech None |
| 16:53 | Build | House |
| 17:07 | Research | Tech None |
| 17:23 | Research | Tech None |
| 17:59 | Build | Farm |
| 18:00 | Build | Farm |
| 18:16 | Build | Farm |
| 18:26 | Build | Farm |
| 18:39 | Build | Farm |
| 19:25 | Build | Farm |
| 19:38 | Research | Tech None |
| 19:38 | Build | Town Center |
| 19:58 | Build | Town Center |
| 20:31 | Research | Tech None |
| 20:32 | Build | Farm |
| 21:09 | Build | Town Center |
| 21:13 | Build | House |
| 21:20 | Build | House |
| 21:52 | Research | Tech None |
| 22:32 | Build | Town Center |
| 23:08 | Build | Monastery |
| 24:09 | Create | Monk |
| 24:13 | Build | Farm |
| 24:14 | Build | Farm |
| 24:14 | Build | Farm |
| 24:15 | Build | Farm |
| 24:16 | Build | Farm |
| 24:16 | Build | Farm |
| 24:25 | Build | Farm |
| 24:30 | Build | Castle |
| 24:43 | Build | Farm |
| 24:45 | Build | Farm |
| 24:53 | Build | Farm |
| 25:12 | Build | Farm |
| 25:18 | Build | Lumber Camp |
| 25:21 | Build | House |
| 25:25 | Build | House |
| 25:31 | Build | Farm |
| 25:45 | Build | Farm |
| 25:51 | Build | Farm |
| 25:55 | Build | Farm |
| 26:00 | Build | House |
| 26:09 | Build | Farm |
| 26:15 | Build | Farm |
| 26:44 | Create | Longbowman |
| 26:51 | Build | Farm |
| 26:57 | Research | Tech None |
| 26:58 | Build | Farm |
| 27:03 | Create | Longbowman |
| 27:12 | Build | Farm |
| 27:15 | Research | Tech None |
| 27:22 | Build | Farm |
| 27:30 | Build | Farm |
| 27:33 | Build | Farm |
| 27:36 | Build | Farm |
| 27:47 | Research | Tech None |
| 27:56 | Build | Farm |
| 28:15 | Build | Lumber Camp |
| 28:17 | Build | Lumber Camp |
| 28:24 | Build | Lumber Camp |
| 28:30 | Build | Lumber Camp |
| 28:47 | Build | Lumber Camp |
| 28:55 | Research | Tech None |
| 29:04 | Build | Lumber Camp |
| 29:09 | Build | Lumber Camp |
| 29:13 | Research | Tech None |
| 29:14 | Create | Longbowman |
| 29:19 | Research | Tech None |
| 29:29 | Research | Tech None |
| 29:34 | Create | Longbowman |
| 29:39 | Build | Lumber Camp |
| 29:55 | Build | Lumber Camp |
| 30:01 | Research | Tech None |
| 30:09 | Build | Mining Camp |
| 30:21 | Build | Barracks |
| 30:43 | Build | Barracks |
| 30:50 | Research | Tech None |
| 31:05 | Build | University |
| 31:34 | Build | Archery Range |
| 31:44 | Build | Market |
| 32:16 | Build | Barracks |
| 32:23 | Build | Barracks |
| 32:25 | Build | House |
| 32:27 | Build | House |
| 32:28 | Build | Castle |
| 32:35 | Build | House |
| 32:36 | Research | Tech None |
| 32:54 | Build | Mining Camp |
| 32:57 | Build | House |
| 32:59 | Build | House |
| 33:03 | Research | Tech None |
| 33:08 | Build | Market |
| 33:11 | Build | Barracks |
| 33:24 | Build | Barracks |
| 33:40 | Build | Barracks |
| 33:56 | Build | Lumber Camp |
| 34:01 | Build | Siege Workshop |
| 34:01 | Build | Market |
| 34:12 | Build | Stable |
| 34:38 | Research | Tech None |
| 34:41 | Build | Siege Workshop |
| 34:48 | Build | Stable |
| 34:59 | Create | Longbowman |
| 35:02 | Build | Stable |
| 35:05 | Create | Longbowman |
| 35:30 | Build | Archery Range |
| 35:40 | Build | Archery Range |
| 35:41 | Research | Tech None |
| 35:45 | Research | Tech None |
| 35:58 | Build | Market |
| 36:36 | Create | Monk |
| 36:55 | Research | Tech None |
| 37:02 | Research | Tech None |
| 37:13 | Create | Longbowman |
| 37:24 | Build | Lumber Camp |
| 37:48 | Build | Archery Range |
| 37:51 | Create | Spearman |
| 37:53 | Create | Spearman |
| 37:55 | Create | Spearman |
| 38:02 | Research | Tech None |
| 38:09 | Research | Tech None |
| 38:23 | Build | Town Center |
| 38:39 | Create | Longbowman |
| 38:39 | Create | Spearman |
Match timeline
| 7:19 | pouletcuri · first_building Barracks |
| 8:13 | del1580 · first_building Barracks |
| 10:08 | gigathib · age_up feudal |
| 10:11 | AOKI_JunioR · age_up feudal |
| 11:38 | pouletcuri · age_up feudal |
| 12:50 | gigathib · first_building Barracks |
| 13:16 | · first_market_sell 100 wood |
| 13:36 | AOKI_JunioR · age_up castle |
| 14:44 | pouletcuri · first_building Stable |
| 15:29 | pouletcuri · first_building Archery Range |
| 16:02 | · first_market_sell 100 wood |
| 16:07 | · first_market_buy 100 food |
| 18:39 | · first_building Monastery |
| 19:34 | gigathib · age_up castle |
| 19:34 | · first_building Siege Workshop |
| 19:46 | · first_building Monastery |
| 21:00 | · first_building Monastery |
| 21:18 | gigathib · first_building Monastery |
| 21:51 | del1580 · first_market_sell 100 wood |
| 22:02 | · first_building Siege Workshop |
| 22:18 | · first_building Barracks |
| 23:08 | · first_building Monastery |
| 23:15 | · first_market_buy 100 stone |
| 23:18 | gigathib · first_building Stable |
| 23:19 | del1580 · first_market_buy 100 stone |
| 23:26 | AOKI_JunioR · first_building Stable |
| 23:47 | · first_building Archery Range |
| 24:11 | pouletcuri · age_up castle |
| 24:30 | · first_building Castle |
| 25:07 | · first_building Siege Workshop |
| 25:33 | · first_building Stable |
| 25:50 | · first_market_sell 100 wood |
| 26:58 | · first_building Barracks |
| 27:14 | · first_building Barracks |
| 27:42 | AOKI_JunioR · age_up imperial |
| 27:45 | del1580 · first_building Archery Range |
| 28:11 | del1580 · first_building Castle |
| 28:24 | · first_building Stable |
| 29:44 | · first_building Stable |
| 29:52 | gigathib · first_building Castle |
| 30:01 | AOKI_JunioR · first_building Castle |
| 30:17 | · first_market_buy 100 food |
| 30:21 | · first_building Barracks |
| 31:08 | · first_building Castle |
| 31:34 | · first_building Archery Range |
| 31:57 | AOKI_JunioR · first_market_buy 100 wood |
| 32:12 | · first_building Archery Range |
| 32:40 | pouletcuri · first_building Castle |
| 32:49 | · first_building Castle |
| 33:19 | pouletcuri · first_building Siege Workshop |
| 34:01 | · first_building Siege Workshop |
| 34:12 | · first_building Stable |
| 37:02 | · first_market_buy 100 stone |
| 37:18 | del1580 · first_building Stable |
| 38:22 | · first_building Castle |
| 38:51 | · first_building Archery Range |
| 39:22 | · resign |
| 43:27 | pouletcuri · age_up imperial |
| 43:28 | gigathib · first_market_buy 100 stone |
| 43:40 | gigathib · age_up imperial |
| 44:36 | AOKI_JunioR · tribute_sent a jugador 2 |
| 44:36 | AOKI_JunioR · tribute_sent a jugador 3 |
| 44:36 | AOKI_JunioR · tribute_sent a jugador 4 |
| 44:36 | AOKI_JunioR · tribute_sent a jugador 5 |
| 44:37 | AOKI_JunioR · tribute_sent a jugador 6 |
| 44:37 | AOKI_JunioR · tribute_sent a jugador 7 |
| 44:37 | AOKI_JunioR · tribute_sent a jugador 8 |
[ AI ANALYSIS · 1 CREDIT ]
What really happened in this match?
Wolo.gg analyzes every decision: build order, eco, micro, common mistakes by bracket. Personalized analysis on WhatsApp or Discord in 30 seconds.
Civ guide
Huns
Map guide
Arena
Perfil
gigathib